| TOP OF THE 1ST |
|
Baltimore Orioles batting - Pitching for Montreal Expos : RHP Steve Barrett
|
|
Pitching: RHP Steve Barrett
|
|
|
Batting: RHB Saimei Kudo
|
0-0: Foul Ball, location: 2F 0-1: Ball 1-1: Called Strike 1-2: Foul Ball, location: 2F 1-2: Ball 2-2: Ground out 5-3 (Groundball, 5, EV 81.2 MPH)
|
|
Batting: RHB Vince Jackson
|
0-0: Called Strike 0-1: Foul Ball, location: 2F 0-2: Ball 1-2: Ball 2-2: Strikes out swinging
|
|
Batting: RHB Rudo Garciaparra
|
0-0: Ball 1-0: Fly out, F4 (Popup, 34D, EV 60.0 MPH)
|
| Top of the 1st over - 0 runs, 0 hits, 0 errors, 0 left on base; Baltimore 0 - Montreal 0 |
| BOTTOM OF THE 1ST |
|
Montreal Expos batting - Pitching for Baltimore Orioles : RHP Josh Wollaston
|
|
Pitching: RHP Josh Wollaston
|
|
|
Batting: LHB Bill McGregor
|
0-0: Called Strike 0-1: Ball 1-1: Swinging Strike 1-2: SINGLE (Groundball, 4D, EV 108.1 MPH)
|
|
Batting: LHB Steve Anderson
|
0-0: Called Strike 0-1: Ball 1-1: Swinging Strike 1-2: Fly out, F7 (Flyball, 7S, EV 90.0 MPH)
|
|
Batting: RHB John Ham
|
0-0: Grounds into double play, 5-4-3 (Groundball, 56, EV 101.9 MPH)
|
| Bottom of the 1st over - 0 runs, 1 hit, 0 errors, 0 left on base; Baltimore 0 - Montreal 0 |
| TOP OF THE 2ND |
|
Baltimore Orioles batting - Pitching for Montreal Expos : RHP Steve Barrett
|
|
Batting: SHB Jason Hayes
|
0-0: Called Strike 0-1: Swinging Strike 0-2: Ball 1-2: Strikes out looking
|
|
Batting: SHB Robert Handy
|
0-0: Called Strike 0-1: Foul Ball, location: 2F 0-2: Fly out, F7 (Line Drive, 7, EV 91.2 MPH)
|
|
Batting: LHB Andy Bowman
|
0-0: Called Strike 0-1: Ground out 6-3 (Groundball, 6S, EV 73.1 MPH)
|
| Top of the 2nd over - 0 runs, 0 hits, 0 errors, 0 left on base; Baltimore 0 - Montreal 0 |
| BOTTOM OF THE 2ND |
|
Montreal Expos batting - Pitching for Baltimore Orioles : RHP Josh Wollaston
|
|
Batting: LHB Austin Ohmer
|
0-0: Ball 1-0: SOLO HOME RUN (Flyball, 9D, EV 95.0 MPH), Distance : 377 ft
|
|
Batting: RHB Steve French
|
0-0: Swinging Strike 0-1: Ball 1-1: Foul Ball, location: 2F 1-2: Strikes out swinging
|
|
Batting: SHB Lou Kroneman
|
0-0: Called Strike 0-1: Foul Ball, location: 2F 0-2: Foul Ball, location: 2F 0-2: Strikes out swinging
|
|
Batting: RHB EugĂȘnio Asceno
|
0-0: Called Strike 0-1: SINGLE (Groundball, 6D, EV 99.4 MPH)
|
|
Batting: RHB Mike Salmon
|
0-0: Ball 1-0: Ball Wild Pitch! EugĂȘnio Asceno to second 2-0: Swinging Strike 2-1: SINGLE (Line Drive, 34D, EV 103.1 MPH) EugĂȘnio Asceno to third Runner from 3rd tries for Home, SAFE, throw by RF to home Mike Salmon to second
|
|
Batting: RHB Tommie Eaton
|
0-0: Ball 1-0: Foul Ball, location: 2F 1-1: Fly out, F7 (Flyball, 7LS, EV 84.4 MPH)
|
| Bottom of the 2nd over - 2 runs, 3 hits, 0 errors, 1 left on base; Baltimore 0 - Montreal 2 |
| TOP OF THE 3RD |
|
Baltimore Orioles batting - Pitching for Montreal Expos : RHP Steve Barrett
|
|
Now at C: Tommy Mize
|
|
|
Batting: SHB Cesar Herrera
|
0-0: Called Strike 0-1: Ball 1-1: Called Strike 1-2: Strikes out swinging
|
|
Batting: SHB Tony Prado
|
0-0: Foul Ball, location: 2F 0-1: Swinging Strike 0-2: Foul Ball, location: 2F 0-2: Foul Ball, location: 2F 0-2: Ball 1-2: Ball 2-2: Foul Ball, location: 2F 2-2: Ball 3-2: Ground out 4-3 (Groundball, 4, EV 82.5 MPH)
|
|
Batting: SHB Bran Stark
|
0-0: Ball 1-0: Ground out U3 (Groundball, 23, EV 90.6 MPH)
|
| Top of the 3rd over - 0 runs, 0 hits, 0 errors, 0 left on base; Baltimore 0 - Montreal 2 |
| BOTTOM OF THE 3RD |
|
Montreal Expos batting - Pitching for Baltimore Orioles : RHP Josh Wollaston
|
|
Batting: LHB Bill McGregor
|
0-0: Foul Ball, location: 2F 0-1: Ground out U3 (Groundball, 34S, EV 94.4 MPH)
|
|
Batting: LHB Steve Anderson
|
0-0: Ball 1-0: Called Strike 1-1: Called Strike 1-2: Foul Ball, location: 2F 1-2: Ball 2-2: Ball 3-2: Base on Balls
|
|
Batting: RHB John Ham
|
0-0: Foul Ball, location: 2F 0-1: Ball 1-1: Ball 2-1: Called Strike 2-2: Foul Ball, location: 2F 2-2: Ball 3-2: Base on Balls Steve Anderson to second
|
|
Batting: LHB Austin Ohmer
|
0-0: Called Strike 0-1: Ball Wild Pitch! Steve Anderson to third John Ham to second 1-1: Foul Ball, location: 2F 1-2: Strikes out swinging
|
|
Batting: RHB Steve French
|
0-0: Ball 1-0: Ball Wild Pitch! Steve Anderson scores John Ham to third 2-0: Called Strike 2-1: Ball 3-1: Foul Ball, location: 2F 3-2: Fly out, F8 (Flyball, 8RM, EV 88.8 MPH)
|
| Bottom of the 3rd over - 1 run, 0 hits, 0 errors, 1 left on base; Baltimore 0 - Montreal 3 |
| TOP OF THE 4TH |
|
Baltimore Orioles batting - Pitching for Montreal Expos : RHP Steve Barrett
|
|
Batting: RHB Saimei Kudo
|
0-0: Swinging Strike 0-1: Swinging Strike 0-2: Ball 1-2: Ball 2-2: Strikes out swinging
|
|
Batting: RHB Vince Jackson
|
0-0: Reached on error, E1 (Groundball, 15S, EV 68.8 MPH)
|
|
Batting: RHB Rudo Garciaparra
|
0-0: Called Strike 0-1: Fly out, F9 (Flyball, 9, EV 81.2 MPH)
|
|
Batting: SHB Jason Hayes
|
0-0: Fly out, F7 (Flyball, 78S, EV 85.0 MPH)
|
| Top of the 4th over - 0 runs, 0 hits, 1 error, 1 left on base; Baltimore 0 - Montreal 3 |
| BOTTOM OF THE 4TH |
|
Montreal Expos batting - Pitching for Baltimore Orioles : RHP Josh Wollaston
|
|
Batting: SHB Lou Kroneman
|
0-0: Called Strike 0-1: Called Strike 0-2: Foul Ball, location: 2F 0-2: Foul Ball, location: 2F 0-2: Ball 1-2: Ball 2-2: Foul Ball, location: 2F 2-2: Foul Ball, location: 2F 2-2: SINGLE (Line Drive, 8RS, EV 98.1 MPH)
|
|
Batting: RHB Tommy Mize
|
0-0: Called Strike 0-1: Ball 1-1: Called Strike 1-2: Foul Ball, location: 2F 1-2: Strikes out looking
|
|
Batting: RHB Mike Salmon
|
0-0: Fly out, F9 (Flyball, 9LSF, EV 85.6 MPH)
|
|
Batting: RHB Tommie Eaton
|
0-0: Ball 1-0: Ball 2-0: DOUBLE (Line Drive, 7LD, EV 110.0 MPH) Lou Kroneman to third
|
|
Batting: LHB Bill McGregor
|
0-0: Ball 1-0: Called Strike 1-1: Called Strike 1-2: Foul Ball, location: 2F Balk! Lou Kroneman scores Tommie Eaton to third 1-2: Fly out, F9 (Flyball, 9, EV 86.9 MPH)
|
| Bottom of the 4th over - 1 run, 2 hits, 0 errors, 1 left on base; Baltimore 0 - Montreal 4 |
| TOP OF THE 5TH |
|
Baltimore Orioles batting - Pitching for Montreal Expos : RHP Steve Barrett
|
|
Batting: SHB Robert Handy
|
0-0: Ball 1-0: Ball 2-0: Called Strike 2-1: Foul Ball, location: 2F 2-2: DOUBLE (Line Drive, 7LS, EV 92.5 MPH)
|
|
Batting: LHB Andy Bowman
|
0-0: Ball 1-0: Ball 2-0: Ball 3-0: Called Strike 3-1: Called Strike 3-2: SINGLE (Groundball, 25, EV 73.8 MPH) (infield hit) Robert Handy to third
|
|
Batting: SHB Cesar Herrera
|
0-0: Ball 1-0: Swinging Strike 1-1: Called Strike 1-2: Strikes out swinging
|
|
Batting: SHB Tony Prado
|
0-0: Ball Andy Bowman steals 2nd base 1-0: Ball 2-0: Called Strike 2-1: Ball 3-1: Base on Balls
|
|
Batting: SHB Bran Stark
|
0-0: Ball 1-0: Ball 2-0: Grounds into double play, 5-4-3 (Groundball, 56, EV 104.4 MPH)
|
| Top of the 5th over - 0 runs, 2 hits, 0 errors, 2 left on base; Baltimore 0 - Montreal 4 |
| BOTTOM OF THE 5TH |
|
Montreal Expos batting - Pitching for Baltimore Orioles : RHP Josh Wollaston
|
|
Batting: LHB Steve Anderson
|
0-0: Ball 1-0: Foul Ball, location: 2F 1-1: Ball 2-1: Ball 3-1: Base on Balls
|
|
Batting: RHB John Ham
|
0-0: Grounds into double play, 4-6-3 (Groundball, 4, EV 85.0 MPH)
|
|
Batting: LHB Austin Ohmer
|
0-0: Called Strike 0-1: SINGLE (Line Drive, 8LS, EV 111.9 MPH)
|
|
Batting: RHB Steve French
|
0-0: Ball 1-0: Fielders Choice at 2nd, 5-4 (Groundball, 5, EV 84.4 MPH)
|
| Bottom of the 5th over - 0 runs, 1 hit, 0 errors, 1 left on base; Baltimore 0 - Montreal 4 |
| TOP OF THE 6TH |
|
Baltimore Orioles batting - Pitching for Montreal Expos : RHP Steve Barrett
|
|
Batting: RHB Saimei Kudo
|
0-0: Called Strike 0-1: Foul Ball, location: 2F 0-2: Ball 1-2: Ball 2-2: Ball 3-2: Foul Ball, location: 2F 3-2: Fly out, F8 (Flyball, 8LXD, EV 91.9 MPH)
|
|
Batting: RHB Vince Jackson
|
0-0: SINGLE (Groundball, 4MD, EV 105.0 MPH)
|
|
Batting: RHB Rudo Garciaparra
|
0-0: Ball 1-0: Ball 2-0: Grounds into double play, 4-6-3 (Groundball, 34, EV 81.2 MPH)
|
| Top of the 6th over - 0 runs, 1 hit, 0 errors, 0 left on base; Baltimore 0 - Montreal 4 |
| BOTTOM OF THE 6TH |
|
Montreal Expos batting - Pitching for Baltimore Orioles : RHP Josh Wollaston
|
|
Batting: SHB Lou Kroneman
|
0-0: Called Strike 0-1: Ball 1-1: Swinging Strike 1-2: Foul Ball, location: 2F 1-2: SINGLE (Flyball, 8RS, EV 96.9 MPH)
|
|
Batting: RHB Tommy Mize
|
0-0: Ball 1-0: Foul Ball, location: 2F 1-1: 2-RUN HOME RUN (Flyball, 7D, EV 99.4 MPH), Distance : 373 ft
|
|
Pitching: RHP Andy Rondeau
|
|
|
Batting: RHB Mike Salmon
|
0-0: Ball 1-0: Foul Ball, location: 2F 1-1: Ground out 5-3 (Groundball, 56S, EV 65.6 MPH)
|
|
Batting: RHB Tommie Eaton
|
0-0: Ball 1-0: Fly out, F7 (Line Drive, 7LS, EV 94.4 MPH)
|
|
Batting: LHB Bill McGregor
|
0-0: Swinging Strike 0-1: Called Strike 0-2: Foul Ball, location: 2F 0-2: Strikes out swinging
|
| Bottom of the 6th over - 2 runs, 2 hits, 0 errors, 0 left on base; Baltimore 0 - Montreal 6 |
| TOP OF THE 7TH |
|
Baltimore Orioles batting - Pitching for Montreal Expos : RHP Steve Barrett
|
|
Batting: SHB Jason Hayes
|
0-0: Called Strike 0-1: Ground out 4-3 (Groundball, 4, EV 88.1 MPH)
|
|
Batting: SHB Robert Handy
|
0-0: Called Strike 0-1: Ball 1-1: Ball 2-1: Swinging Strike 2-2: Ball 3-2: Foul Ball, location: 2F 3-2: Ground out 4-3 (Groundball, 34D, EV 84.4 MPH)
|
|
Batting: LHB Andy Bowman
|
0-0: Ball 1-0: Foul Ball, location: 2F 1-1: Swinging Strike 1-2: Ground out U3 (Groundball, 3L, EV 76.9 MPH)
|
| Top of the 7th over - 0 runs, 0 hits, 0 errors, 0 left on base; Baltimore 0 - Montreal 6 |
| BOTTOM OF THE 7TH |
|
Montreal Expos batting - Pitching for Baltimore Orioles : RHP Andy Rondeau
|
|
Batting: LHB Steve Anderson
|
0-0: DOUBLE (Line Drive, 78XD, EV 101.9 MPH)
|
|
Batting: RHB John Ham
|
0-0: Foul Ball, location: 2F 0-1: Ball 1-1: DOUBLE (Line Drive, 9LS, EV 105.0 MPH) Steve Anderson scores
|
|
Batting: LHB Austin Ohmer
|
0-0: Foul Ball, location: 2F 0-1: Foul Ball, location: 2F 0-2: Ball 1-2: Foul Ball, location: 2F 1-2: Foul Ball, location: 2F 1-2: Foul Ball, location: 2F 1-2: DOUBLE (Flyball, 8LXD, EV 86.9 MPH) John Ham scores
|
|
Batting: RHB Steve French
|
0-0: Ball 1-0: Called Strike 1-1: Foul Ball, location: 2F 1-2: Strikes out swinging
|
|
Batting: SHB Lou Kroneman
|
0-0: Ball 1-0: Swinging Strike 1-1: Ball 2-1: TRIPLE (Flyball, 78XD, EV 106.2 MPH) Austin Ohmer scores
|
|
Batting: RHB Tommy Mize
|
0-0: Called Strike 0-1: Foul Ball, location: 2F 0-2: Foul Ball, location: 2F 0-2: Strikes out swinging
|
|
Batting: RHB Mike Salmon
|
0-0: Ball Passed Ball! Lou Kroneman scores 1-0: Hit by Pitch
|
|
Pitching: LHP Marko Emchenko
|
|
|
Batting: RHB Tommie Eaton
|
0-0: Called Strike 0-1: Ground out U3 (Groundball, 34, EV 92.5 MPH)
|
| Bottom of the 7th over - 4 runs, 4 hits, 0 errors, 1 left on base; Baltimore 0 - Montreal 10 |
| TOP OF THE 8TH |
|
Baltimore Orioles batting - Pitching for Montreal Expos : RHP Steve Barrett
|
|
Batting: SHB Cesar Herrera
|
0-0: Ball 1-0: Fly out, F8 (Flyball, 8RD, EV 97.5 MPH)
|
|
Batting: SHB Tony Prado
|
0-0: Swinging Strike 0-1: Ball 1-1: Swinging Strike 1-2: Ball 2-2: Strikes out swinging
|
|
Batting: SHB Bran Stark
|
0-0: SINGLE (Groundball, 3S, EV 69.4 MPH) (infield hit)
|
|
Batting: RHB Saimei Kudo
|
0-0: Swinging Strike 0-1: Ground out 5-3 (Groundball, 5S, EV 85.0 MPH)
|
| Top of the 8th over - 0 runs, 1 hit, 0 errors, 1 left on base; Baltimore 0 - Montreal 10 |
| BOTTOM OF THE 8TH |
|
Montreal Expos batting - Pitching for Baltimore Orioles : LHP Marko Emchenko
|
|
Batting: LHB Bill McGregor
|
0-0: Ball 1-0: Ball 2-0: Ball 3-0: Base on Balls
|
|
Batting: LHB Steve Anderson
|
0-0: Ball 1-0: Ball 2-0: Ball 3-0: Base on Balls Bill McGregor to second
|
|
Batting: RHB John Ham
|
0-0: Ball 1-0: Called Strike 1-1: Called Strike 1-2: Foul Ball, location: 2F 1-2: Grounds into double play, 4-6-3 (Groundball, 4S, EV 95.0 MPH) Bill McGregor to third
|
|
Batting: LHB Austin Ohmer
|
0-0: Ball 1-0: Called Strike 1-1: Foul Ball, location: 2F 1-2: Ball 2-2: Strikes out swinging
|
| Bottom of the 8th over - 0 runs, 0 hits, 0 errors, 1 left on base; Baltimore 0 - Montreal 10 |
| TOP OF THE 9TH |
|
Baltimore Orioles batting - Pitching for Montreal Expos : RHP Steve Barrett
|
|
Batting: RHB Vince Jackson
|
0-0: Called Strike 0-1: Foul Ball, location: 2F 0-2: DOUBLE (Flyball, 8RXD, EV 103.1 MPH)
|
|
Batting: RHB Rudo Garciaparra
|
0-0: Ball 1-0: Ball 2-0: Ball 3-0: Called Strike 3-1: Swinging Strike 3-2: Strikes out looking
|
|
Pitching: LHP Kyle Schlosschlonghair
|
|
|
Batting: SHB Jason Hayes
|
0-0: Ball 1-0: Called Strike 1-1: Ball 2-1: Foul Ball, location: 2F 2-2: Strikes out looking
|
|
Pinch Hitting: SHB Eduardo Maldonado
|
0-0: Called Strike 0-1: Fly out, F6 (Popup, P, EV 80.0 MPH)
|
| Top of the 9th over - 0 runs, 1 hit, 0 errors, 1 left on base; Baltimore 0 - Montreal 10 |
|